 Dungeon Crawl Stone Soup version 0.16.2-12-gd0ad4c3 (webtiles) character file.

221 HAWKINGL3623 the Grave Robber (level 5, -10/25 HPs)
             Began as a Vine Stalker Necromancer on Dec 12, 2015.
             Mangled by an orc
             ... wielding a +2 hand axe of electrocution
              (12 damage)
             ... on level 3 of the Dungeon.
             The game lasted 00:31:46 (2809 turns).

HAWKINGL3623 the Grave Robber (VSNe)                Turns: 2809, Time: 00:31:47

Health: -10/25     AC:  3    Str: 13    XL:     5   Next: 98%
Magic:  0/14       EV: 12    Int: 16    God:
Gold:   168        SH:  0    Dex: 14    Spells: 4 memorised, 3 levels left

rFire  . . .     SeeInvis .     q - +0 dagger (flame)
rCold  . . .     Clarity  .     a - +1 robe
rNeg   . . .     SustAb   .     (no shield)
rPois  .         Gourm    .     (no helmet)
rElec  .         Spirit   +     (no cloak)
rCorr  .         Warding  .     (no gloves)
rMut   .         Stasis   .     (no boots)
MR     .....                    i - amulet of guardian spirit
Stlth  ++........               (no ring)
                                (no ring)

@: not resistant to hostile enchantments, unstealthy
A: fangs 2, regeneration 1, strong 1, magic shield, antimagic bite, no device
heal 3, rot immunity
a: no special abilities


You were on level 3 of the Dungeon.
You were not hungry.

You visited 1 branch of the dungeon, and saw 3 of its levels.

You collected 168 gold pieces.

Inventory:

Hand weapons
 d - a +0 dagger
 q - a +0 dagger of flaming (weapon)
Missiles
 o - 9 poisoned needles
Armour
 a - a +1 robe (worn)
Jewellery
 i - an amulet of guardian spirit (around neck)
Scrolls
 e - a scroll of blinking
 h - 2 scrolls of fog
 r - a scroll of recharging
 s - 2 scrolls of identify
Potions
 g - a potion of heal wounds
 j - 3 potions of curing
 k - a potion of agility {unknown}
 l - a potion of cancellation {unknown}
Books
 b - a book of Necromancy

   Spells                             Type                      Level
   a - Pain                           Necromancy                   1
   b - Animate Skeleton               Necromancy                   1
   c - Vampiric Draining              Necromancy                   3
   d - Regeneration                   Charms/Necromancy            3
   e - Animate Dead                   Necromancy                   4
   f - Control Undead                 Necromancy                   4
 t - a book of the Sky

   Spells                             Type                      Level
   a - Flight                         Charms/Air                   3
   b - Airstrike                      Air                          4
   c - Silence                        Hexes/Air                    5
   d - Deflect Missiles               Charms/Air                   6
   e - Conjure Ball Lightning         Conjuration/Air              6
   f - Tornado                        Air                          9
Comestibles
 c - 2 bread rations
 m - a chunk of flesh
 n - a meat ration
 p - a beef jerky


   Skills:
 + Level 0.3 Fighting
 + Level 0.1 Short Blades
 + Level 1.0 Throwing
 + Level 1.9 Dodging
 + Level 3.0 Stealth
 + Level 3.8 Spellcasting
 + Level 5.5 Necromancy


You had 3 spell levels left.
You knew the following spells:

 Your Spells              Type           Power        Failure   Level  Hunger
a - Pain                  Necr           ###.         1%          1    None
b - Animate Skeleton      Necr           N/A          1%          1    None
c - Vampiric Draining     Necr           ###.......   8%          3    ###....
d - Regeneration          Chrm/Necr      ##........   17%         3    ###....


Dungeon Overview and Level Annotations

Branches:
Dungeon (3/15)

Altars:


Innate Abilities, Weirdness & Mutations

You have extremely sharp teeth.
Your natural rate of healing is unusually fast.
When hurt, damage is shared between your health and your magic reserves.
Your bite disrupts and absorbs the magic of your enemies.
Potions and wands cannot restore your health.
You are immune to rotting.
Your muscles are strong. (Str +2)


Message History

The orc priest hits you from afar with an enchanted trident.
You barely miss the orc.
The orc is heavily wounded.
The orc hits you but does no damage.
You closely miss the orc. You bite the orc. You drain its power.
You feel invigorated.
The orc is severely wounded.
The orc priest hits you from afar with an enchanted trident.
The orc closely misses you.
Casting: Pain
Confirm with . or Enter, or press ? or * to list all spells.
Aiming: Pain
Press: ? - help, Shift-Dir - straight line, f/p - orc
Aim: an orc, wielding a hand axe of electrocution (severely wounded, chance 90%)
The orc convulses in agony!
The orc priest hits you from afar with an enchanted trident.
The orc hits you with a hand axe of electrocution!
* * * LOW HITPOINT WARNING * * *
You are electrocuted!
You die...

#....# #....# #....# #....##
#.....# ### #.....## ###.#
#......## #.... ####
#....#..### .... #...
##..###@o.# .o# #... ##.#
###o# #o# #... #.# #.(.
#o####... #######.###.......
#))o.....
##.................(.o>.##...
....####..#########...#.##...
#..###..## ###..h##...
#.......### ### ###.#####
###.......###.## #..##


You could see an orc priest and an orc.

Vanquished Creatures
  A hound (D:2)
  An orc wizard (D:3)
  Jessica (D:3)
  An adder (D:2)
  2 worms
  A giant gecko (D:2)
  2 orcs (D:3)
  A giant cockroach (D:2)
  8 goblins
  6 hobgoblins
  5 kobolds
  A ball python (D:1)
  4 bats (D:1)
  6 giant newts
  3 jackals (D:2)
  5 rats
48 creatures vanquished.

Vanquished Creatures (collateral kills)
  A necrophage (D:2)
  An orc priest (D:3)
  A worm (D:2)
  A giant gecko (D:1)
  An orc (D:2)
  2 bats
  2 giant newts (D:2)
  A goblin (D:1)
  A rat (D:2)
11 creatures vanquished.

Vanquished Creatures (others)
  An orc skeleton (D:3)
  A bat skeleton (D:1)
  A ball python skeleton (D:1)
  A giant gecko skeleton (D:1)
  2 giant newt skeletons (D:3)
  A goblin skeleton (D:1)
  A hobgoblin skeleton (D:3)
  3 jackal skeletons (D:2)
  2 kobold skeletons (D:3)
  A rat skeleton (D:3)
14 creatures vanquished.

Grand Total: 73 creatures vanquished

Notes
Turn   | Place    | Note
--------------------------------------------------------------
     0 | D:1      | HAWKINGL3623, the Vine Stalker Necromancer, began the quest for the Orb.
     0 | D:1      | Reached XP level 1. HP: 9/9 MP: 3/3
    30 | D:1      | Gained mutation: Your muscles are strong. (Str +2) [potion of beneficial mutation]
    60 | D:1      | Learned a level 1 spell: Animate Skeleton
   172 | D:1      | Reached XP level 2. HP: 10/13 MP: 5/5
  1095 | D:1      | Reached XP level 3. HP: 14/16 MP: 5/7
  1100 | D:1      | Learned a level 3 spell: Vampiric Draining
  1254 | D:2      | Learned a level 3 spell: Vampiric Draining
  2201 | D:3      | Noticed a necrophage
  2261 | D:2      | Reached XP level 4. HP: 6/21 MP: 1/9
  2353 | D:3      | Noticed Jessica
  2357 | D:3      | Killed Jessica
  2374 | D:3      | Reached skill level 5 in Necromancy
  2391 | D:2      | Reached XP level 5. HP: 13/25 MP: 2/13
  2479 | D:2      | Killed a necrophage
  2529 | D:3      | Learned a level 3 spell: Regeneration
  2788 | D:3      | Reached skill level 1 in Throwing
  2809 | D:3      | Mangled by an orc

Action                   |  1- 3 |  4- 6 || total
-------------------------+-------+-------++-------
Melee: Dagger            |    50 |    19 ||    69
       Unarmed           |     5 |       ||     5
Throw: Tomahawk          |    11 |     5 ||    16
 Cast: Pain              |    36 |    28 ||    64
       Animate Skeleton  |    14 |    10 ||    24
       Regeneration      |       |     1 ||     1
  Use: Scroll            |     9 |     2 ||    11
       Potion            |     2 |       ||     2
 Stab: Sleeping          |     2 |       ||     2
  Eat: Chunk             |     4 |     1 ||     5
       Pizza             |     1 |       ||     1
